 Dungeon Crawl Stone Soup version 0.27-a0-695-gb4952372f7 (webtiles) character file.

Game seed: 10376687879787422453

233251 Dreamer the Warrior (level 20, -8/167 HPs)
             Began as a Formicid Berserker on Mar 22, 2021.
             Was the Champion of Trog.
             Mangled by Polyphemus (12 damage)
             ... on level 3 of the Shoals.
             The game lasted 02:37:22 (31960 turns).

Dreamer the Warrior (Formicid Berserker)           Turns: 31960, Time: 02:37:22

Health: -8/167     AC: 37    Str: 28    XL:     20   Next: 35%
Magic:  9/9        EV:  9    Int:  5    God:    Trog [******]
Gold:   870        SH: 19    Dex: 10    Spells: 19/19 levels left

rFire    + + +     SeeInvis +   O - +9 great mace (antimagic)
rCold    + + +     Faith    .   z - +0 kite shield
rNeg     . . .     Spirit   .   Z - +15 Maxwell's patent armour {-Cast -Tele rElec Will+ rCorr}
rPois    .         Reflect  .   (helmet unavailable)
rElec    +         Harm     .   J - +0 cloak
rCorr    +         Rampage  .   F - +1 pair of gloves
Will     +++++     NoCast   +   (no boots)
Stlth    ..........             r - amulet of regeneration
HPRegen  2.37/turn              R - ring of Qatoek Raost {*Corrode rF+++ rC+++ Will+ Int-3}
MPRegen  0.11/turn              h - +4 ring of slaying

@: regenerating, very slow
A: permanent stasis, dig shafts and tunnels, antennae 3, four strong arms,
talons 1, large bone plates 1, weak 1
}: 1/15 runes: gossamer
a: Dig, Shaft Self, Renounce Religion, Trog's Hand, Brothers in Arms


You were on level 3 of the Shoals.
You worshipped Trog.
Trog was exalted by your worship.
You visited 5 branches of the dungeon, and saw 27 of its levels.
You also visited: Ossuary and Ice Cave.

You collected 3422 gold pieces.
You spent 2552 gold pieces at shops.

Inventory:

Hand Weapons
 O - a +9 antimagic great mace (weapon)
 Q - a +3 antimagic demon whip
 W - a +3 vorpal dire flail
Armour
 z - a +0 kite shield (worn)
 F - a +1 pair of gloves (worn)
 J - a +0 cloak (worn)
 Z - the +15 Maxwell's patent armour (worn) {-Cast -Tele rElec Will+ rCorr}
   (You bought it in a shop on level 7 of the Dungeon)

   It insulates you from electricity.
   It affects your willpower, your defense against some magical effects.
   It prevents spellcasting.
   It prevents most forms of teleportation.
   It provides partial protection from all sources of acid and corrosion.
Jewellery
 h - a +4 ring of slaying (left hand)
 k - a +6 ring of strength
 r - an amulet of regeneration (around neck)
 s - a ring of positive energy
 B - a ring of wizardry
 D - an amulet of the acrobat
 G - a +4 ring of evasion
 M - an amulet of reflection
 R - the ring of Qatoek Raost (right hand) {*Corrode rF+++ rC+++ Will+ Int-3}
   (You found it on level 2 of the Lair of Beasts)

   [ring of willpower]

   It affects your intelligence (-3).
   It renders you almost immune to fire.
   It renders you almost immune to cold.
   It affects your willpower, your defense against some magical effects.
   It may corrode you when you take damage.
 U - a ring of positive energy
Wands
 d - a wand of polymorph (8)
 l - a wand of acid (36)
 u - a wand of flame (31)
 I - a wand of mindburst (16)
 Y - a wand of iceblast (18)
Scrolls
 a - 4 scrolls of immolation {unknown}
 c - a scroll of holy word {unknown}
 g - 3 scrolls of summoning {unknown}
 j - 4 scrolls of acquirement
 m - 4 scrolls of amnesia
 n - 3 scrolls of magic mapping
 p - 5 scrolls of enchant weapon
 q - 5 scrolls of fear {unknown}
 v - 2 scrolls of brand weapon {unknown}
 A - 5 scrolls of enchant armour
 E - a scroll of silence {unknown}
 L - 2 scrolls of torment {unknown}
 X - 2 scrolls of fog {unknown}
Potions
 b - 8 potions of lignification
 e - 6 potions of ambrosia
 f - 7 potions of flight
 i - 14 potions of curing
 o - 11 potions of attraction
 t - 3 potions of cancellation
 x - 3 potions of brilliance
 C - a potion of magic
 H - a potion of resistance
 K - a potion of mutation
 T - 2 potions of might


   Skills:
 + Level 16.8 Fighting
 + Level 15.6 Maces & Flails
 + Level 16.6 Armour
 - Level 1.7 Dodging
 - Level 10.8 Stealth
 + Level 16.7 Shields
 + Level 10.5 Invocations


You had 19 spell levels left.
You didn't know any spells.
Your spell library was empty.

Dungeon Overview and Level Annotations

Branches:
Dungeon (12/15)            Temple (0/1) D:7            Lair (6/6) D:9
 Shoals (3/4) Lair:4       Spider (4/4) Lair:4        Slime (0/5) Lair:5
    Orc (2/2) D:12            Elf (0/3) Orc:2       Ossuary (visited)
  IceCv (visited)

Altars:
Elyvilon
Fedhas
Gozag
Kikubaaqudgha
Sif Muna
Vehumet
Xom
Zin
The Shining One
Beogh
Jiyva

Shops:
D:2 !   D:5 *=[(   D:7 [   D:12 [   Orc:2 *(=[   Shoals:1 [   Shoals:2 (?

Annotations:
Lair:3 exclusion: 3 oklob plants
Lair:6 3 runed translucent doors, exclusions: 3 doors and oklob plant, lupus83's ghost, journeyman TrFi
Shoals:3 Polyphemus


Innate Abilities, Weirdness & Mutations

You cannot be hasted, slowed, berserked, paralysed or teleported.
You can dig through walls and to a lower floor.
You have a pair of large antennae on your head. (SInv)
Your four strong arms can wield two-handed weapons with a shield.
You have sharp toenails.
You are partially covered in large bone plates. (SH +4)
You are weak. (Str -2)


Message History

You hit the death yak but do no damage.
The death yak is heavily wounded.
You block the death yak's attack.
You hammer the death yak like a gong!!! You claw the death yak.
You kill the death yak!
Trog accepts your kill.
You hear an angry hiss.
You block the death yak's attack.
Your unstable footing causes you to fumble your attack.
You block the death yak's attack. You block Polyphemus's attack.
Polyphemus hits you.
You sock Polyphemus!
Polyphemus is lightly wounded.
You block the death yak's attack. Polyphemus hits you!
You block Polyphemus's attack.
Your unstable footing causes you to fumble your attack.
The death yak gores you.
Polyphemus yells, "Attack, my pets!
Attack!"
Polyphemus hits you but does no damage. Polyphemus hits you!
* * * LOW HITPOINT WARNING * * *
Your unstable footing causes you to fumble your attack.
You block the death yak's attack. Polyphemus hits you!!
* * * LOW HITPOINT WARNING * * *
You block Polyphemus's attack.
Unknown command.
Your skin crawls.
You feel strong-willed. You block the death yak's attack.
Polyphemus throws the death yak at you!
* * * LOW HITPOINT WARNING * * *
You feel better. The death yak gores you!
* * * LOW HITPOINT WARNING * * *
You block Polyphemus's attack. Polyphemus hits you but does no damage.
You feel better.
The death yak gores you but does no damage.
You block Polyphemus's attack. x2
Your stone giant goes berserk!
You block the death yak's attack. Polyphemus hits you!
* * * LOW HITPOINT WARNING * * *
Polyphemus hits you!
You die...

≈≈≈............(...........
≈≈≈....≈≈≈≈≈≈≈≈.......≈≈...
≈≈≈≈≈≈≈≈≈≈≈≈≈≈≈#......≈≈≈.#
≈≈≈≈≈≈≈≈≈≈≈≈≈≈≈#.....≈≈≈≈.#
≈≈≈≈≈≈≈≈≈≈≈≈≈≈≈#...≈≈≈≈≈≈.#
≈≈≈≈≈≈.≈≈≈≈≈≈≈≈#≈≈≈≈≈≈≈≈≈.#
≈P≈≈.....≈≈≈≈≈≈≈≈≈≈≈(≈≈≈≈..
≈≈≈.......≈≈≈≈††≈Y≈≈≈≈≈≈≈..
.≈≈.......≈≈≈≈≈#@≈≈≈≈≈≈≈≈.#
.≈.P......≈≈≈≈≈##CC####≈≈##
.≈...P....≈≈≈≈Y≈≈≈≈≈≈≈≈≈≈..
≈≈≈...P.P≈≈≈≈≈≈≈≈≈≈≈≈≈≈≈≈..
≈≈≈P.P..PP≈P≈≈≈≈≈P≈≈≈≈≈≈≈..
≈≈≈PPPPPPP≈≈P≈≈≈≈P≈≈≈≈≈≈≈
≈≈≈≈P≈≈P≈≈≈≈≈≈≈≈>P≈≈≈≈≈≈.
≈≈≈≈≈≈≈≈≈≈≈P≈≈≈≈≈≈≈≈≈≈≈..
≈≈≈≈≈≈≈≈≈≈≈P≈≈≈≈≈≈≈≈≈≈≈..


You could see Polyphemus (ally target), a death yak and a friendly stone giant
(summoned, berserk).

Vanquished Creatures
  A kraken (Shoals:1)
  Ilsuiw (Shoals:2)
  Roxanne (Shoals:3)
  A frost giant (IceCv)
  2 orc warlords (Orc:2)
  4 ghost moths
  3 emperor scorpions (Spider:4)
  An angel (D:4)
  Azrael (Orc:2)
  A spark wasp (Spider:4)
  4 entropy weavers
  A merfolk javelineer (Shoals:2)
  Josephine (Orc:2)
  4 hydras
  3 boulder beetles
  A centaur warrior (D:11)
  A merfolk avatar (Shoals:2)
  2 death knights
  2 alligator snapping turtles
  2 merfolk aquamancers
  A satyr (Shoals:2)
  2 catoblepae
  A queen ant (Lair:3)
  A deep troll shaman (Lair:6)
  4 two-headed ogres
  9 death yaks
  2 orc high priests (Orc:2)
  Sonja (Lair:3)
  An unseen horror (D:11)
  7 sea snakes
  A lindwurm (Lair:6)
  Pikel (D:8)
  4 orc knights
  A phantasmal warrior (D:12)
  15 orb spiders
  14 harpies
  The ghost of Regoshi the Geomancer, a novice DEEE (D:7)
  6 orc sorcerers
  3 ugly things
  22 wolf spiders
  5 manticores
  17 fauns
  2 moths of wrath
  A cyclops (D:11)
  Maurice (D:10)
  15 elephants
  3 water nymphs
  9 merfolk sirens
  3 black mambas
  A gargoyle (D:11)
  The ghost of YoungGLord the Digger, a novice GrEE of Vehumet (D:5)
  4 torpor snails
  11 cane toads
  2 freezing wraiths (D:12)
  3 komodo dragons
  Psyche (D:11)
  10 demonic crawlers
  2 rime drakes (Lair:6)
  7 trolls
  21 polar bears
  2 wind drakes (Shoals:2)
  7 hornets
  11 merfolk
  38 jumping spiders
  25 blink frogs
  Prince Ribbit (D:7)
  2 snapping turtles
  75 redbacks
  A shadow (D:11)
  57 yaks
  2 vampires
  29 tarantellas
  10 water elementals
  Eustachio (D:4)
  7 wraiths
  6 wyverns
  3 basilisks
  4 fire elementals (Orc:2)
  4 wargs
  20 soldier ants (Lair:3)
  15 water moccasins
  A hell hound (Orc:2)
  28 orc warriors
  3 sky beasts
  4 black bears
  10 ice beasts
  12 ogres
  4 necrophages
  33 wolves
  3 centaurs
  A phantom (D:11)
  4 kobold brigands
  A gnoll sergeant (D:11)
  20 bullfrogs
  9 scorpions
  A wyvern skeleton (D:11)
  A water moccasin skeleton (D:4)
  26 wights
  6 killer bees (D:11)
  4 electric eels
  3 howler monkeys
  3 bullfrog zombies (Ossuary)
  5 centaur zombies
  6 hounds
  6 jellies
  A gnoll shaman (D:5)
  10 orc priests
  2 bullfrog skeletons
  3 centaur skeletons
  Ijyb (D:4)
  5 iguanas
  34 worker ants
  17 orc wizards
  A statue (D:8)
  3 hound zombies (Ossuary)
  A hound skeleton (D:10)
  3 howler monkey zombies (Ossuary)
  10 mummies
  4 worker ant zombies (Ossuary)
  6 gnolls
  10 adders
  5 shadow imps
  2 white imps
  2 ufetubi
  An ooze (D:1)
  2 adder skeletons (D:8)
  4 adder zombies
  5 worms
  A dart slug (D:1)
  4 leopard geckos
  68 orcs
  4 bats
  7 giant cockroaches
  5 goblins
  4 hobgoblins
  4 jackals (D:4)
  4 quokkas
  3 ball pythons
  8 frilled lizards
  2 giant cockroach zombies (Ossuary)
  A jackal skeleton (D:4)
  12 kobolds
  2 kobold zombies (D:7)
  A leopard gecko zombie (D:6)
  3 quokka zombies (Ossuary)
  5 rats
  4 tentacles (Shoals:1)
1041 creatures vanquished.

Vanquished Creatures (collateral kills)
  A ghost moth (Spider:4)
  A hornet (Spider:4)
2 creatures vanquished.

Vanquished Creatures (others)
  2 unseen horrors (D:11)
  23 fungi
  80 plants
  16 tentacles (Shoals:1)
  8 withered plants
129 creatures vanquished.

Grand Total: 1172 creatures vanquished

Notes
Turn   | Place    | Note
-------+----------+-------------------------------------------
     0 | D:1      | Dreamer the Formicid Berserker began the quest for the Orb.
     0 | D:1      | Reached XP level 1. HP: 18/18 MP: 1/1
    90 | D:1      | Reached XP level 2. HP: 23/24 MP: 2/2
   534 | D:1      | Reached XP level 3. HP: 29/30 MP: 3/3
  1238 | D:2      | Found a shimmering blue altar of Sif Muna.
  1238 | D:2      | Found a blossoming altar of Fedhas.
  1239 | D:2      | Found an ancient bone altar of Kikubaaqudgha.
  1500 | D:2      | Found Komnal's Distillery.
  1822 | D:2      | Reached ** piety under Trog
  1921 | D:3      | Reached XP level 4. HP: 37/37 MP: 4/4
  1962 | D:3      | Found a transporter.
  1982 | D:3      | Found a transporter.
  2719 | D:4      | Noticed Eustachio
  2728 | D:3      | Reached XP level 5. HP: 42/43 MP: 5/5
  3283 | D:4      | Reached XP level 6. HP: 30/50 MP: 6/6
  3816 | D:4      | Killed Eustachio
  3817 | D:4      | Reached skill level 5 in Fighting
  3817 | D:4      | Reached XP level 7. HP: 34/56 MP: 7/7
  4210 | D:4      | Noticed Ijyb
  4224 | D:4      | Killed Ijyb
  4332 | D:4      | Found a glowing silver altar of Zin.
  4333 | D:4      | Noticed an angel
  4515 | D:5      | Entered Level 5 of the Dungeon
  4515 | D:5      | Noticed YoungGLord's ghost (novice GrEE)
  4542 | D:5      | Found Vupliunuu's General Store.
  4545 | D:5      | Bought a scroll of identify for 22 gold pieces
  4570 | D:5      | Reached skill level 5 in Maces & Flails
  4570 | D:5      | Reached skill level 5 in Armour
  4709 | D:5      | Found Kuoloir's Antique Armour Emporium.
  4768 | D:5      | Found Uluteemi's Antique Weapon Emporium.
  5299 | D:5      | Found a transporter.
  5307 | D:5      | Found Rabri's Jewellery Shop.
  5508 | D:6      | Found an opulent altar of Gozag.
  5527 | D:6      | Found a white marble altar of Elyvilon.
  5745 | D:6      | Found a white marble altar of Elyvilon.
  5934 | D:6      | Reached XP level 8. HP: 64/64 MP: 8/8
  5952 | D:6      | Reached *** piety under Trog
  6220 | D:6      | Found a hide-covered altar of Uskayaw.
  6222 | D:6      | Found a shimmering blue altar of Sif Muna.
  6222 | D:6      | Found a snail-covered altar of Cheibriados.
  6224 | D:6      | Found a shimmering altar of Xom.
  6224 | D:6      | Found a shimmering blue altar of Sif Muna.
  6224 | D:6      | Found a broken altar of Ashenzari.
  6392 | D:6      | Noticed a vampire
  6490 | D:7      | Found a sand-covered staircase.
  6495 | Ossuary  | Entered an ossuary
  6652 | Ossuary  | Reached **** piety under Trog
  6721 | Ossuary  | Gained mutation: Armour fits poorly on your strangely
                  | shaped body. [potion of mutation]
  6721 | Ossuary  | Gained mutation: You are partially covered in large bone
                  | plates. (SH +4) [potion of mutation]
  6798 | Ossuary  | Lost mutation: Armour fits poorly on your strangely shaped
                  | body. [potion of mutation]
  6798 | Ossuary  | Gained mutation: You are weak. (Str -2) [potion of
                  | mutation]
  6798 | Ossuary  | Gained mutation: You have sharp toenails. [potion of
                  | mutation]
  6938 | D:7      | Found a runed translucent door.
  6957 | D:7      | Noticed Regoshi's ghost (novice DEEE)
  7178 | D:7      | Noticed Prince Ribbit
  7189 | D:7      | Reached skill level 1 in Shields
  7198 | D:7      | Killed Prince Ribbit
  7199 | D:7      | Reached XP level 9. HP: 61/72 MP: 9/9
  7448 | D:7      | Found Rioxix's Armour Boutique.
  7477 | D:7      | Found a staircase to the Ecumenical Temple.
  7786 | D:8      | Found a radiant altar of Vehumet.
  7920 | D:8      | Noticed Pikel
  7933 | D:8      | Killed Pikel
  8028 | D:8      | Found a runed translucent door.
  8031 | D:8      | Noticed a two-headed ogre
  8032 | D:8      | Found a runed translucent door.
  8032 | D:8      | Found a runed translucent door.
  8032 | D:8      | Noticed a manticore
  8043 | D:8      | Killed a manticore
  8044 | D:8      | Reached XP level 10. HP: 48/82 MP: 10/10
  8206 | D:8      | Noticed a purple ugly thing
  8218 | D:8      | Killed a purple ugly thing
  8219 | D:8      | Reached skill level 5 in Shields
  8219 | D:8      | Reached ***** piety under Trog
  9188 | D:9      | Received a gift from Trog
  9313 | D:9      | Reached XP level 11. HP: 90/90 MP: 11/11
  9437 | D:9      | Found a staircase to the Lair.
  9571 | D:9      | Reached skill level 10 in Fighting
  9824 | Lair:1   | Entered Level 1 of the Lair of Beasts
 10020 | Lair:1   | Reached skill level 10 in Armour
 10048 | Lair:1   | Noticed a six-headed hydra
 10058 | Lair:1   | Killed a six-headed hydra
 11195 | Lair:2   | Reached skill level 10 in Maces & Flails
 11597 | Lair:2   | Reached XP level 12. HP: 92/99 MP: 12/12
 12113 | Lair:2   | Identified the ring of Qatoek Raost {*Corrode rF+++ rC+++
                  | Will+ Int-3}
 12768 | Lair:3   | Noticed Sonja
 12794 | Lair:3   | Killed Sonja
 13344 | Lair:3   | Noticed a queen ant
 13374 | Lair:3   | Reached skill level 10 in Shields
 13398 | Lair:3   | Killed a queen ant
 14285 | Lair:4   | Reached XP level 13. HP: 108/108 MP: 13/13
 14464 | Lair:4   | Reached ****** piety under Trog
 14767 | Lair:4   | Noticed a boulder beetle
 14824 | Lair:4   | Killed a boulder beetle
 15312 | Lair:4   | Found a staircase to the Shoals.
 15627 | Lair:4   | Found a hole to the Spider Nest.
 16157 | Lair:5   | Received a gift from Trog
 16486 | Lair:5   | Found a viscous altar of Jiyva.
 16487 | Lair:5   | Found a staircase to the Slime Pits.
 16976 | Lair:6   | Entered Level 6 of the Lair of Beasts
 17218 | Lair:6   | Noticed a seven-headed hydra
 17230 | Lair:6   | Killed a seven-headed hydra
 17267 | Lair:6   | Reached XP level 14. HP: 103/118 MP: 14/14
 17646 | Lair:6   | Found a runed translucent gate.
 17647 | Lair:6   | Found a runed translucent gate.
 17647 | Lair:6   | Noticed lupus83's ghost (journeyman TrFi)
 17648 | Lair:6   | Found a runed translucent gate.
 18427 | D:10     | Entered Level 10 of the Dungeon
 18471 | D:10     | Identified the +1 ring mail of Immorality {rElec rPois
                  | Regen+ Int-2}
 18511 | D:10     | Received a gift from Trog
 18708 | D:10     | Found a glowing golden altar of the Shining One.
 19089 | D:10     | Noticed Maurice
 19110 | D:10     | Killed Maurice
 19344 | D:7      | Bought the +15 Maxwell's patent armour {-Cast -Tele rElec
                  | Will+ rCorr} for 1074 gold pieces
 19344 | D:7      | Found the +15 Maxwell's patent armour {-Cast -Tele rElec
                  | Will+ rCorr}
 19414 | D:7      | Killed Regoshi's ghost
 19490 | D:6      | Found a blossoming altar of Fedhas.
 19570 | D:5      | Found a transporter.
 19586 | D:5      | Killed YoungGLord's ghost
 19678 | D:4      | Killed an angel
 20394 | D:11     | Reached XP level 15. HP: 126/126 MP: 15/15
 20436 | D:11     | Received a gift from Trog
 20459 | D:11     | Noticed Psyche
 20472 | D:11     | Killed Psyche
 21206 | D:12     | Found Neorugrakal's Armour Boutique.
 21206 | D:12     | Found a staircase to the Orcish Mines.
 21787 | Orc:1    | Entered Level 1 of the Orcish Mines
 21847 | Orc:1    | Received a gift from Trog
 22018 | Orc:2    | Entered Level 2 of the Orcish Mines
 22018 | Orc:2    | Found a staircase to the Elven Halls.
 22018 | Orc:2    | Noticed an orc warlord
 22020 | Orc:2    | Noticed an orc warlord
 22023 | Orc:2    | Found Divvoecw's Antique Weapon Shoppe.
 22068 | Orc:2    | Killed an orc warlord
 22074 | Orc:2    | Killed an orc warlord
 22244 | Orc:2    | Found a frozen archway.
 22275 | IceCv    | Entered an ice cave
 22573 | IceCv    | Reached skill level 15 in Fighting
 22633 | IceCv    | Noticed a frost giant
 22654 | IceCv    | Received a gift from Trog
 22659 | IceCv    | Killed a frost giant
 22660 | IceCv    | Reached XP level 16. HP: 105/136 MP: 16/16
 23156 | Orc:2    | Found Suen's General Store.
 23189 | Orc:2    | Found Vukasm's Jewellery Emporium.
 23255 | Orc:2    | Found Okuwneus's Antique Armour Boutique.
 23269 | Orc:2    | Reached skill level 15 in Armour
 23502 | Orc:2    | Noticed Azrael
 23530 | Orc:2    | Killed Azrael
 23976 | Orc:1    | Noticed Josephine
 24017 | Orc:2    | Killed Josephine
 24572 | Spider:1 | Entered Level 1 of the Spider Nest
 24696 | Spider:1 | Reached skill level 15 in Shields
 24987 | Spider:1 | Received a gift from Trog
 25308 | Spider:1 | Reached skill level 5 in Stealth
 25308 | Spider:1 | Reached XP level 17. HP: 142/142 MP: 5/20
 25309 | Spider:1 | Reached XP level 18. HP: 149/149 MP: 5/22
 26121 | Spider:2 | Received a gift from Trog
 26906 | Spider:3 | Reached XP level 19. HP: 58/157 MP: 8/24
 27346 | Spider:4 | Entered Level 4 of the Spider Nest
 27505 | Spider:4 | Identified the +5 quarterstaff "Canlaxuh" {drain, rPois}
 27619 | Spider:4 | Received a gift from Trog
 28070 | Spider:4 | Reached skill level 15 in Maces & Flails
 28094 | Spider:4 | HP: 8/235 [emperor scorpion (8)]
 28231 | Spider:4 | Got a gossamer rune of Zot
 28371 | Spider:4 | Identified the +5 whip "Dixahus" {freeze, *Contam +Inv rN+
                  | Int+4}
 28568 | Spider:4 | Reached skill level 10 in Stealth
 28614 | Spider:4 | Received a gift from Trog
 29049 | Shoals:1 | Entered Level 1 of the Shoals
 29049 | Shoals:1 | Found Touwk's Armour Shop.
 29940 | Shoals:2 | Noticed Ilsuiw
 30371 | Shoals:2 | Killed Ilsuiw
 30633 | Shoals:2 | Received a gift from Trog
 30665 | Shoals:2 | Identified the +1 dire flail "Rupnedah" {drain, +Fly rC+
                  | MP+9}
 30686 | Shoals:2 | Found Guos's Antique Weapon Shoppe.
 30710 | Shoals:2 | Reached XP level 20. HP: 132/163 MP: 9/27
 30814 | Shoals:2 | Reached skill level 10 in Invocations
 31078 | Shoals:2 | Found Bidisua's Magic Scroll Boutique.
 31087 | Shoals:2 | Bought a scroll of acquirement for 728 gold pieces
 31087 | Shoals:2 | Bought a scroll of acquirement for 728 gold pieces
 31604 | Shoals:3 | Identified Roxanne's Catalogue of Moulding
 31604 | Shoals:3 | Noticed Roxanne
 31616 | Shoals:3 | Killed Roxanne
 31687 | Shoals:3 | Received a gift from Trog
 31897 | Shoals:3 | Noticed Polyphemus
 31957 | Shoals:3 | HP: 1/167 [Polyphemus/death yak (21)]
 31960 | Shoals:3 | Mangled by Polyphemus

Illustrated notes

Levels and vault maps discovered:
D:1:      saegor_arrival_simple_b, layout_loops_corners, minmay_lizard_pond
D:2:      layout_loops_ring, gammafunk_temple_overflow_forgotten, serial_shops,
          nicolae_shop_crystal, kennysheep_generic_room_5
D:3:      gammafunk_wand_slinger, layout_basic
D:4:      layout_loops_ring, zin_angel, st_stairs_14, minivault_27,
          grunt_tough_drop, uniq_eustachio, uniq_ijyb
D:5:      layout_basic, gammafunk_ghost_smash, serial_shops, shop, shop_coins,
          nicolae_shop_trees, shop_fountains
D:6:      layout_loops_ring, elyvilon_altar_5, doesnt_xom_only_xom,
          hangedman_feature_mirror, nicolae_gozag_seed_capital
D:7:      corexii_shack_village, layout_basic, minmay_temple_entry_tees,
          ebering_ghost_reflecting_pool, nicolae_ossuary_entry_giza,
          serial_shops, kennysheep_little_box, uniq_prince_ribbit1
D:8:      minmay_the_grid_four_pointed_star
          [minmay_the_grid_triangle_9x9_limited_checkers,
          minmay_the_grid_triangle_9x9_fully_insulated_deathbox,
          minmay_the_grid_triangle_9x9_minimal,
          minmay_the_grid_triangle_9x9_windchime,
          minmay_the_grid_prize_four_corners], layout_loops_cross,
          vehumet_statue, serial_undead, serial_undead_c, serial_undead_e,
          serial_undead_c, serial_undead_e, uniq_pikel
D:9:      layout_gridville, grunt_lair_entry_orc_guard_hut
D:10:     layout_long_grid, chequers_serial_rivers_room_a, tso_altar,
          uniq_maurice
D:11:     hangedman_cross_cluster, layout_gridville, uniq_psyche
D:12:     layout_long_grid, orc_david_3
Lair:1:   layout_concentric_octagons, minmay_stone_trees_small
Lair:2:   layout_hall_layers, beast_lair_carwin_7, infiniplex_staircase_pool
Lair:3:   layout_long_grid, minivault_29, minmay_lair_oklob_chamber, uniq_sonja
Lair:4:   layout_cave_pods, shoals_dummy_entry, nicolae_spider_entry_non_spiders
Lair:5:   layout_layer_cave, slime_altar_1, chequers_serial_rivers_small_a,
          grunt_megastairs_2
Lair:6:   grunt_lair_end_beastmaster, layout_big_grid,
          gammafunk_ghost_hydra_chop, minmay_lair_oklob_bushes,
          nzn_sisyphean_effort, grunt_megastairs_3
Shoals:1: layout_shoals, serial_shops, shop
Shoals:2: layout_shoals, serial_shops, nicolae_shop_overgrown_old_shop,
          nicolae_shoals_c_island, uniq_ilsuiw
Shoals:3: layout_shoals, nicolae_shoals_square_sea_wall, uniq_polyphemus,
          uniq_roxanne
Spider:1: layout_spider_delve, nicolae_spider_circle_web
Spider:2: layout_spider_delve
Spider:3: layout_spider_delve
Spider:4: spider_rune_water
Orc:1:    layout_caves, uniq_josephine
Orc:2:    grunt_orc_gardens, layout_caves, grunt_orc_garden, grunt_orc_garden,
          grunt_orc_garden, grunt_orc_garden, portal_ice_cave_entry_ice_beasts,
          david_defended_altar_orc, uniq_rupert, uniq_azrael

Skill      XL: |  1  2  3  4  5  6  7  8  9 10 11 12 13 14 15 16 17 18 19 20 |
---------------+-------------------------------------------------------------+-----
Armour         | 3 4 5 7 8 9 10 11 12 13 14 15 16 | 16.6
Fighting       | 4 5 6 7 8 9 10 12 13 14 15 16 | 16.8
Maces & Flails | 4 5 6 7 8 10 11 12 13 14 15 | 15.6
Shields        | 2 4 7 9 10 12 13 14 15 16 | 16.7
Stealth        | 5 7 8 10 | 10.8
Invocations    | 4 6 7 9 10 | 10.5
Dodging        | |  1.7

Action                   |  1- 3 |  4- 6 |  7- 9 | 10-12 | 13-15 | 16-18 | 19-21 || total
-------------------------+-------+-------+-------+-------+-------+-------+-------++-------
Melee: Mace              |    28 |       |       |     3 |       |       |       ||    31
       Hand axe          |    72 |   111 |   276 |    65 |       |       |       ||   524
       Kick              |       |       |    33 |   152 |   364 |   152 |   281 ||   982
       Whip              |       |       |     2 |     3 |       |       |       ||     5
       Morningstar       |       |       |       |   325 |   455 |       |       ||   780
       Great mace        |       |       |       |       |   556 |   513 |   785 ||  1854
       Dire flail        |       |       |       |       |    74 |       |       ||    74
Invok: Trog's Hand       |       |       |       |       |       |       |     2 ||     2
       Brothers in Arms  |       |       |       |       |       |       |     2 ||     2
 Abil: Dig               |       |     4 |     5 |     6 |    16 |    26 |     2 ||    59
  Use: Scroll            |       |       |    11 |     1 |     9 |     2 |     3 ||    26
       Potion            |       |       |     2 |       |       |     3 |     9 ||    14
 Stab: Sleeping          |     1 |       |       |       |       |       |       ||     1
Armor: Animal skin       |     1 |       |       |       |       |       |       ||     1
       Chain mail        |    44 |    73 |    77 |       |       |       |       ||   194
       Leather armour    |     4 |       |       |       |       |       |       ||     4
       Plate armour      |       |       |    16 |    75 |   357 |   399 |   542 ||  1389
       Crystal plate arm |       |       |       |       |   120 |       |       ||   120
       Skin              |       |       |       |       |       |       |    48 ||    48
Dodge: Dodged            |    41 |    43 |   110 |    59 |   226 |   152 |   257 ||   888
Block: Buckler           |       |       |    19 |   159 |   486 |       |       ||   664
       Other             |       |       |     4 |       |     1 |       |       ||     5
       Reflection        |       |       |       |     2 |       |       |       ||     2
       Kite shield       |       |       |       |       |   164 |   531 |   936 ||  1631

Table legend: (Time is in decaauts)
 A = Elapsed time spent in this place.
 B = Non-inter-level travel time spent in this place.
 C = Inter-level travel time spent in this place.
 D = Time resting spent in this place.
 E = Time spent auto-exploring this place.
 F = Levels seen in this place.
 G = Mean time per level.
                   A        B        C        D        E       F      G
               +--------+--------+--------+--------+--------+-----+--------+
         Total |  32207 |  31030 |   1177 |   4706 |  15936 |  29 | 1110.6 |
       Dungeon |  12893 |  12331 |    562 |   1497 |   7186 |  12 | 1074.4 |
          Lair |   8650 |   8278 |    372 |   1907 |   4619 |   6 | 1441.7 |
        Shoals |   3038 |   2971 |     67 |    663 |    956 |   3 | 1012.7 |
   Spider Nest |   4480 |   4315 |    165 |    517 |   1935 |   4 | 1120.0 |
  Orcish Mines |   1870 |   1861 |      9 |     35 |    920 |   2 |  935.0 |
       Ossuary |    459 |    459 |      0 |     75 |     44 |   1 |  459.0 |
      Ice Cave |    815 |    815 |      0 |     12 |    275 |   1 |  815.0 |
               +--------+--------+--------+--------+--------+-----+--------+

Top non-repeatable levels by time:
  Lair:3: 1847 daAuts
     D:4: 1719 daAuts
  Lair:4: 1659 daAuts
  Lair:2: 1640 daAuts
Spider:4: 1639 daAuts
     D:8: 1468 daAuts
Shoals:1: 1401 daAuts
   Orc:2: 1362 daAuts
  Lair:6: 1324 daAuts
     D:3: 1268 daAuts
Shoals:2: 1260 daAuts
  Lair:5: 1112 daAuts
     D:5: 1110 daAuts
     D:1: 1098 daAuts
     D:9: 1098 daAuts
